 Dungeon Crawl Stone Soup version 0.25.0-9-g26727b6 (webtiles) character file.

Game seed: 17910731541765956361

275 Faca the Skirmisher (level 6, 0/41 HPs)
             Began as a Gargoyle Fighter on June 16, 2020.
             Killed from afar by Maggie (14 damage)
             ... with a bolt of fire
             ... on level 6 of the Dungeon.
             The game lasted 00:12:38 (3516 turns).

Faca the Skirmisher (Gargoyle Fighter)              Turns: 3516, Time: 00:12:38

Health: 0/41       AC: 12    Str: 22    XL:     6   Next: 24%
Magic:  6/6        EV:  7    Int:  8    God:
Gold:   173        SH:  9    Dex:  9    Spells: 5/5 levels left

rFire    . . .     SeeInvis .   a - +0 flail
rCold    . . .     Gourm    .   c - +0 kite shield
rNeg     + . .     Faith    .   b - +0 scale mail
rPois    ∞         Spirit   .   e - +0 helmet
rElec    +         Reflect  .   (no cloak)
rCorr    .         Harm     .   (no gloves)
MR       .....                  (no boots)
Stlth    ..........             (no amulet)
HPRegen  0.13/turn              (no ring)
MPRegen  0.10/turn              (no ring)

@: no status effects
A: negative energy resistance 1, electricity resistance, unbreathing,
petrification resistance, rot immunity, AC +4
a: no special abilities


You were on level 6 of the Dungeon.
You were not hungry.

You visited 1 branch of the dungeon, and saw 6 of its levels.

You collected 173 gold pieces.

Inventory:

Hand Weapons
 a - a +0 flail (weapon)
Armour
 b - a +0 scale mail (worn)
 c - a +0 kite shield (worn)
 e - a +0 helmet (worn)
Wands
 k - a wand of disintegration (2)
Scrolls
 i - a scroll of teleportation
Potions
 d - a potion of might
 g - 3 potions of curing
 j - a potion of ambrosia {unknown}
 l - a potion of heal wounds {unknown}
 o - a potion of invisibility
Comestibles
 f - 9 rations
 h - 6 chunks of flesh


   Skills:
 + Level 5.7 Fighting
 + Level 4.7 Maces & Flails
 - Level 3.2 Armour
 - Level 3.2 Shields


You had 5 spell levels left.
You didn't know any spells.
Your spell library was empty.

Dungeon Overview and Level Annotations

Branches:
Dungeon (7/15)
 Temple: D:4-7

Altars:

Shops:
D:4 *

Annotations:
D:6 Maggie


Innate Abilities, Weirdness & Mutations

You are resistant to torment.
Your stone body is resilient. (AC +4)
You are immune to poison.
You resist negative energy. (rN+)
You are resistant to electric shocks. (rElec)
You can survive without breathing.
You are immune to petrification.
You are immune to rotting.


Message History

Maggie burns you.
You hit Maggie.
Maggie is moderately wounded.
Maggie gestures at you while chanting. The bolt of fire hits you!
Maggie gives herself a magical halo, but it quickly sputters out.
Maggie hits you but does no damage.
Evoke which item? (* to show all) (? for menu, Esc to quit)
Aiming: Disintegrate
Press: ? - help, Shift-Dir - straight line, f/p - Maggie
Aim: Maggie, wielding a +2 glaive of flaming and wearing +0 acid dragon scales (moderately wounded, chance to defeat MR: 65%) Maggie is blasted!
Evoke which item? (* to show all) (? for menu, Esc to quit)
Aiming: Disintegrate
Press: ? - help, Shift-Dir - straight line, f/p - Maggie
Aim: Maggie, wielding a +2 glaive of flaming and wearing +0 acid dragon scales (heavily wounded, chance to defeat MR: 65%) Maggie is blasted!
Maggie gestures at you while chanting. The bolt of fire hits you!
You die...

##########
#.........
#.########
###### #.#
##..... #>#
#...... #.#
#......###.#
#.....@@...#
#......#####
#......
#.##.## #
... ###


You could see Maggie.

Vanquished Creatures
  A hound (D:6)
  A worker ant (D:2)
  Robin (D:1)
  7 adders
  6 worms
  2 dart slugs (D:1)
  A leopard gecko (D:3)
  An orc (D:3)
  4 giant cockroaches
  21 goblins
  17 hobgoblins
  20 jackals
  3 quokkas
  A ball python (D:2)
  12 bats
  7 frilled lizards
  8 kobolds
  4 rats
117 creatures vanquished.

Vanquished Creatures (others)
  A goblin (D:1)
1 creature vanquished.

Grand Total: 118 creatures vanquished

Notes
Turn   | Place    | Note
-------+----------+-------------------------------------------
     0 | D:1      | Faca the Gargoyle Fighter began the quest for the Orb.
     0 | D:1      | Reached XP level 1. HP: 14/14 MP: 1/1
    49 | D:1      | Reached XP level 2. HP: 12/19 MP: 2/2
   404 | D:1      | Reached XP level 3. HP: 24/24 MP: 3/3
   412 | D:1      | Reached skill level 4 in Fighting
  1141 | D:2      | Reached XP level 4. HP: 29/30 MP: 4/4
  1155 | D:2      | Noticed Robin
  1355 | D:1      | Killed Robin
  1555 | D:2      | Reached XP level 5. HP: 29/34 MP: 5/5
  1656 | D:2      | Reached skill level 5 in Fighting
  2965 | D:3      | Reached XP level 6. HP: 40/40 MP: 6/6
  3324 | D:4      | Found Hoaruhin's Assorted Antiques.
  3329 | D:4      | You fall into a shaft and drop 3 floors!
  3448 | D:7      | Noticed a sky beast
  3508 | D:6      | Noticed Maggie
  3516 | D:6      | Killed from afar by Maggie

Illustrated notes

Levels and vault maps discovered:
D:1:      scummos_arrival_hexagon, layout_basic
D:2:      layout_basic, first_ration, uniq_robin
D:3:      layout_basic, st_stairs_13, minmay_fractal_squares_5
D:4:      layout_cave_pools, gup_ossuary_entry_pyramid, serial_shops,
          nicolae_shop_crystal, shop, nemelex_diamond_rough_becter
D:6:      layout_basic, minmay_gold_behind_fungi, uniq_menkaure, uniq_maggie
D:7:      corexii_shantytown, layout_cave_pools, serial_column_ruins,
          column_ruins_hut_ruined, column_ruins_columns_straight,
          column_ruins_grid_1, column_ruins_grid_3, uniq_joseph

Skill      XL: |  1  2  3  4  5 |
---------------+----------------+-----
Fighting       | 4 5 |  5.7
Maces & Flails | 3 4 |  4.7
Armour         | |  3.2
Shields        | |  3.2

Action                   |  1- 3 |  4- 6 || total
-------------------------+-------+-------++-------
Melee: Flail             |   154 |   363 ||   517
Evoke: Wand              |       |     5 ||     5
  Use: Scroll            |     4 |     8 ||    12
  Eat: Chunk             |     1 |     9 ||    10
Armor: Scale mail        |   121 |   270 ||   391
Dodge: Dodged            |    54 |   169 ||   223
Block: Kite shield       |   116 |   247 ||   363
